 Dungeon Crawl Stone Soup version 0.30-a0-292-g0f741e3f8e (webtiles) character file.

Game seed: 2941529970981253237

23 benadryl the Shooter (level 2, 0/17 HPs)
             Began as a Deep Elf Hunter on Oct 17, 2022.
             Slain by a hobgoblin
             ... wielding a +0 whip
              (7 damage)
             ... on level 2 of the Dungeon.
             The game lasted 00:02:06 (938 turns).

benadryl the Shooter (Deep Elf Hunter)               Turns: 938, Time: 00:02:06

Health: 0/17       AC:  3    Str:  8    XL:     2   Next: 72%
Magic:  4/4        EV: 12    Int: 13    God:
Gold:   78         SH:  0    Dex: 18    Spells: 1/1 levels left

rFire   . . .      SeeInvis .    a - +0 shortbow
rCold   . . .      Faith    .    (shield currently unavailable)
rNeg    . . .      Spirit   .    c - +0 leather armour
rPois   .          Reflect  .    (no helmet)
rElec   .          Harm     .    (no cloak)
rCorr   .          Rampage  .    (no gloves)
Will    .....                    (no boots)
Stlth   ++........               (no amulet)
HPRegen 0.22/turn                (no ring)
MPRegen 0.09/turn                (no ring)

@: no status effects
A: no striking features
a: no special abilities


You were on level 2 of the Dungeon.
You visited 1 branch of the dungeon, and saw 2 of its levels.

You collected 78 gold pieces.

Inventory:

Hand Weapons
 a - a +0 shortbow (weapon)
Armour
 c - a +0 leather armour (worn)
Scrolls
 b - a scroll of immolation
 e - 2 scrolls of teleportation {unknown}
 g - 4 scrolls of identify {unknown}
 h - a scroll of enchant armour {unknown}
Potions
 d - 2 potions of invisibility
 f - 2 potions of attraction {unknown}
 i - a potion of heal wounds
 j - a potion of haste {unknown}


   Skills:
 + Level 2.0 Fighting
 * Level 6.1 Ranged Weapons
 - Level 2.4 Dodging
 - Level 1.2 Stealth


You had one spell level left.
You didn't know any spells.
Your spell library contained the following spells:

 Spells                   Type           Power      Damage    Failure   Level
 Kiss of Death            Conj/Necr      0%         2d5       41%         1
 Confusing Touch          Hex            0%         N/A       80%         3
 Dispel Undead            Necr           0%         3d6       99%         4


Dungeon Overview and Level Annotations

Branches:
Dungeon (2/15)

Altars:

Shops:
D:1 [[((


Message History

You kill the goblin!
Fire: a) +0 shortbow
Press: ? - help, Q - select action Shift-Dir - straight line, f - kobold
Aim: a kobold, wielding a +0 dagger and quivering stones (59% to hit)
You shoot an arrow. The arrow hits the kobold!
You kill the kobold!
You start resting.
A hobgoblin comes into view. It is wielding a +0 whip.
Fire: a) +0 shortbow
Press: ? - help, Q - select action Shift-Dir - straight line, f - hobgoblin
Aim: a hobgoblin, wielding a +0 whip (wandering, hasn't noticed you, 65% to hit)
You shoot an arrow. The arrow hits the hobgoblin.
The hobgoblin is heavily wounded.
The hobgoblin drinks a potion.
The hobgoblin is healed!
Fire: a) +0 shortbow
Press: ? - help, Q - select action Shift-Dir - straight line, f/p - hobgoblin
Aim: a hobgoblin, wielding a +0 whip (65% to hit)
You shoot an arrow. The arrow barely misses the hobgoblin.
Fire: a) +0 shortbow
Press: ? - help, Q - select action Shift-Dir - straight line, f/p - hobgoblin
Aim: a hobgoblin, wielding a +0 whip (65% to hit)
You shoot an arrow. The arrow barely misses the hobgoblin.
Fire: a) +0 shortbow
Press: ? - help, Q - select action Shift-Dir - straight line, f/p - hobgoblin
Aim: a hobgoblin, wielding a +0 whip (65% to hit)
You shoot an arrow.
The arrow hits the hobgoblin but does no damage.
Fire: a) +0 shortbow
Press: ? - help, Q - select action Shift-Dir - straight line, f/p - hobgoblin
Aim: a hobgoblin, wielding a +0 whip (65% to hit)
You shoot an arrow. The arrow hits the hobgoblin.
The hobgoblin is moderately wounded.
Fire: a) +0 shortbow
Press: ? - help, Q - select action Shift-Dir - straight line, f/p - hobgoblin
Aim: a hobgoblin, wielding a +0 whip (moderately wounded, 65% to hit)
You shoot an arrow.
The arrow hits the hobgoblin but does no damage.
The hobgoblin is moderately wounded.
The hobgoblin hits you with a +0 whip!
You die...

#.. #.# #. #.# #.# #.# #..
#.# . ... #.# ...#.####.##
#####.#######
...........###.............
..#.#...g@.........######<
#...).....### #.
#...##.#### #. ##.###.# #.
#.# #.# ## #.# #.# # #.#
#.# # #K# #.######### #
##.###.........# #


You could see a hobgoblin.

Vanquished Creatures
  A dart slug (D:2)
  A ball python (D:1)
  An endoplasm (D:1)
  5 goblins
  2 hobgoblins (D:1)
  3 bats (D:1)
  2 frilled lizards
  3 kobolds
  A rat (D:1)
19 creatures vanquished.

Vanquished Creatures (others)
  4 toadstools (D:1)
4 creatures vanquished.

Grand Total: 23 creatures vanquished

Notes
Turn   | Place    | Note
-------+----------+-------------------------------------------
     0 | D:1      | benadryl the Deep Elf Hunter began the quest for the Orb.
     0 | D:1      | Reached XP level 1. HP: 12/12 MP: 3/3
    82 | D:1      | Found Uridetuf's Antique Armour Shoppe.
   148 | D:1      | Found Koth's Antique Armour Boutique.
   151 | D:1      | Reached XP level 2. HP: 17/17 MP: 4/4
   187 | D:1      | Found Heummupy's Antique Weapon Shop.
   251 | D:1      | Found Noloniana's Antique Weapon Boutique.
   553 | D:1      | Reached skill level 6 in Ranged Weapons
   938 | D:2      | Slain by a hobgoblin

Illustrated notes

Levels and vault maps discovered:
D:1:      ldierk_walled_garden_2, layout_loops_ring, serial_shops, shop,
          nicolae_shop_waterfront, shop, shop
D:2:      layout_loops_ring

Skill      XL: |  1  2 |
---------------+-------+-----
Ranged Weapons | 6 |  6.1
Fighting       | 2 |  2.0
Dodging        | |  2.4
Stealth        | |  1.2

Action                   || total
-------------------------++-------
 Fire: Shortbow          ||    70
  Use: Potion            ||     1
Armor: Leather armour    ||    10
Dodge: Dodged            ||    27

Table legend: (Time is in decaauts)
 A = Elapsed time spent in this place.
 B = Non-inter-level travel time spent in this place.
 C = Inter-level travel time spent in this place.
 D = Time resting spent in this place.
 E = Time spent auto-exploring this place.
 F = Levels seen in this place.
 G = Mean time per level.
                   A        B        C        D        E       F      G
               +--------+--------+--------+--------+--------+-----+--------+
         Total |    957 |    929 |     28 |      4 |    785 |   2 |  478.5 |
       Dungeon |    957 |    929 |     28 |      4 |    785 |   2 |  478.5 |
               +--------+--------+--------+--------+--------+-----+--------+

Top non-repeatable levels by time:
     D:1: 813 daAuts
     D:2: 144 daAuts
